Map: Goldenaura LE

Players

LiquidClem (Clem) - Winner!

  • Race: Terran Terran
  • League: Grandmaster
  • Spawn Location: 12:00

DKZherO (herO)

  • Race: Protoss Protoss
  • Spawn Location: 5:00

VOD

Have the link to the VOD?

Description

Time

  • Played on: Oct. 23, 2023, 8:12 p.m.
  • Length: 14:08
Show
View Real Time Build Order
Export as new Build Order

LiquidClem Terran - Winner!

Build Orders: Cyclone Opening, Gas First Reaper Expand 

Get SALT Encoding   

  12  0:00  SCV  
  13  0:12  SCV  
  14  0:17  Supply Depot  
  14  0:24  SCV  
  15  0:29  Refinery  
  15  0:38  SCV  
  16  0:44  Barracks  
  16  0:50  SCV  
  17  1:02  SCV  
  18  1:15  SCV  
  19  1:31  Orbital Command, Reaper  
  20  1:46  Command Center  
  20  1:55  Factory  
  20  1:58  SCV  
  21  2:04  Supply Depot  
  21  2:07  Barracks Reactor  
  21  2:10  SCV  
  21  2:14  Refinery  
  22  2:22  SCV  
  23  2:34  SCV  
  24  2:41  Starport  
  24  2:43  Marine x2  
  26  2:48  SCV  
  26  2:51  Cyclone  
  29  2:59  Orbital Command  
  29  3:00  SCV  
  29  3:01  Marine  
  29  3:03  Marine  
  32  3:13  SCV  
  32  3:17  Orbital Command  
  32  3:18  Medivac  
  35  3:23  Cyclone  
  35  3:25  SCV  
  38  3:30  Supply Depot, Marine  
  38  3:33  Marine  
  40  3:37  SCV  
  41  3:43  SCV  
  42  3:49  Marine  
  42  3:50  SCV  
  42  3:51  Marine  
  42  3:54  Supply Depot  
  42  3:55  SCV  
  46  3:57  Starport Tech Lab, Factory Tech Lab  
  46  4:02  SCV  
  47  4:03  Barracks  
  47  4:07  SCV  
  47  4:08  Marine  
  47  4:09  Marine  
  50  4:14  SCV  
  50  4:16  Cyclone  
  52  4:18  Viking  
  52  4:20  SCV  
  55  4:26  SCV  
  55  4:27  Marine  
  57  4:32  SCV  
  57  4:35  Marine  
  57  4:36  Supply Depot  
  57  4:38  SCV  
  52  4:43  Barracks  
  52  4:44  Marine  
  53  4:45  SCV  
  53  4:52  Refinery  
  52  4:53  SCV, Marine  
  52  4:54  Siege Tank  
  52  4:58  SCV, Engineering Bay  
  56  5:01  Stimpack, Marine  
  56  5:02  Marine  
  56  5:05  SCV  
  59  5:09  Supply Depot  
  59  5:10  Marine, SCV  
  60  5:18  SCV  
  60  5:19  Marine  
  60  5:20  Marine  
  56  5:22  SCV  
  57  5:28  Marine  
  57  5:30  SCV  
  57  5:32  Starport Reactor, Terran Infantry Weapons Level 1  
  60  5:36  Factory Reactor, Supply Depot  
  60  5:37  Marine  
  60  5:39  Combat Shield  
  60  5:40  Marine x2, Refinery  
  62  5:48  Marine, Supply Depot  
  63  5:55  Marauder  
  63  5:56  Missile Turret  
  65  5:58  Missile Turret, Marine  
  65  6:00  Marauder  
  68  6:10  Medivac x2  
  68  6:11  Marine  
  73  6:13  Widow Mine x2  
  73  6:17  Supply Depot, Marine  
  78  6:19  Marauder  
  80  6:26  Supply Depot, Marauder  
  80  6:29  Marine  
  83  6:35  Widow Mine x2, Marine  
  88  6:40  Medivac, Supply Depot  
  88  6:41  Concussive Shells  
  88  6:43  Medivac  
  92  6:47  Marine  
  92  6:48  Marauder  
  92  6:52  Marauder  
  97  7:02  Widow Mine x2  
  97  7:05  Command Center  
  97  7:08  Supply Depot  
  101  7:09  Marine x2  
  101  7:12  Marauder  
  104  7:20  Marauder  
  105  7:24  Medivac  
  105  7:25  Medivac  
  105  7:29  Marine  
  109  7:31  SCV, Marine  
  109  7:36  Marauder, Widow Mine x2  
  109  7:41  Marine, SCV  
  110  7:47  Marine  
  110  7:48  Barracks x2  
  110  7:49  Marine  
  110  7:51  SCV  
  107  7:54  SCV  
  107  7:58  Marauder  
  104  8:00  Widow Mine, Marauder  
  104  8:03  SCV  
  104  8:04  Marine  
  104  8:05  Widow Mine  
  108  8:06  SCV  
  94  8:12  Viking  
  94  8:13  Viking, Marine  
  94  8:18  SCV  
  94  8:19  Marauder  
  100  8:21  SCV, Marauder  
  100  8:22  Marine  
  100  8:26  Terran Infantry Armor Level 1  
  104  8:30  SCV  
  104  8:31  Marine, Supply Depot  
  104  8:33  SCV  
  107  8:38  Ghost Academy  
  105  8:42  Viking  
  105  8:43  Viking  
  105  8:45  Barracks Reactor, Barracks Tech Lab, Marine  
  105  8:46  Marauder  
  110  8:49  Marauder  
  110  8:53  SCV x2  
  114  9:02  Supply Depot  
  114  9:05  Marauder, SCV x2  
  114  9:06  Marine x2  
  114  9:07  Marauder  
  122  9:10  Ghost  
  122  9:14  Orbital Command  
  124  9:18  Viking  
  124  9:22  Supply Depot  
  126  9:25  Viking  
  126  9:26  Ghost  
  126  9:32  SCV  
  126  9:33  SCV  
  126  9:34  Refinery  
  126  9:35  Marauder  
  126  9:36  Refinery  
  130  9:43  Ghost  
  130  9:44  SCV  
  133  9:45  Supply Depot  
  133  9:47  SCV x2  
  133  9:50  Viking  
  137  9:58  Command Center  
  137  9:59  Viking  
  138  10:02  Supply Depot  
  138  10:06  Sensor Tower  
  138  10:09  Bunker, Marine x3  
  138  10:10  Marine  
  138  10:11  Marauder  
  138  10:13  Marauder  
  146  10:16  Ghost  
  146  10:18  Widow Mine  
  146  10:19  Widow Mine  
  152  10:21  Supply Depot  
  152  10:27  Marine  
  152  10:29  Marine  
  152  10:33  Viking x2  
  157  10:35  Marine  
  157  10:37  Marauder  
  157  10:42  Marauder  
  156  10:46  Marauder  
  156  10:48  Widow Mine  
  156  10:49  Marine  
  143  10:52  Marine  
  143  10:55  Marine x2  
  134  10:59  Marauder  
  134  11:01  Widow Mine  
  134  11:03  Marauder, Medivac  
  138  11:06  Marine  
  138  11:09  Widow Mine  
  138  11:10  Marine  
  139  11:12  Marine  
  139  11:14  Marine  
  139  11:17  SCV  
  133  11:20  Marauder  
  133  11:24  Barracks Tech Lab, Marauder  
  137  11:28  Widow Mine  
  137  11:31  Medivac  
  141  11:40  Marine x4  
  141  11:41  Armory, Marauder  
  141  11:45  Widow Mine  
  141  11:47  Ghost  
  149  11:52  Ghost  
  153  11:58  Marine x3  
  154  12:03  Marauder  
  154  12:06  Widow Mine  
  154  12:16  Marauder  
  154  12:18  Marine  
  154  12:19  Widow Mine, Marine  
  154  12:20  Viking  
  154  12:21  Ghost  
  164  12:24  Marine  
  164  12:26  Medivac  
  164  12:28  Marauder  
  165  12:36  Ghost, Marine  
  160  12:38  SCV  
  160  12:41  Planetary Fortress  
  160  12:42  SCV  
  164  12:44  Marine  
  164  12:47  Barracks Tech Lab  
  164  12:48  Ghost  
  164  12:49  Viking  
  164  12:50  SCV, Refinery  
  164  12:51  SCV  
  171  12:54  Refinery  
  171  12:58  Engineering Bay  
  171  13:04  Marauder x2  
  175  13:06  Marine  
  175  13:09  Widow Mine x2  
  180  13:15  Viking  
  180  13:17  Ghost  
  180  13:19  Viking, Marauder  
  186  13:24  Ghost  
  186  13:25  Marine  
  184  13:29  Marine  
  184  13:31  Marauder  
  171  13:34  Widow Mine  
  171  13:40  Marauder  
  157  13:43  Marine  
  157  13:45  Marine  
Show
View Real Time Build Order
Export as new Build Order

DKZherO Protoss 

Build Orders: 1 Gate Expand, Phoenix Opening, Mass Phoenix, Colossus Rush 

Get SALT Encoding   

  12  0:00  Probe  
  13  0:12  Probe  
  14  0:17  Pylon  
  14  0:24  Probe (Chrono Boost)  
  15  0:36  Probe (Chrono Boost)  
  15  0:37  Gateway  
  16  0:44  Probe (Chrono Boost)  
  16  0:46  Assimilator  
  17  0:50  Probe  
  18  1:03  Probe  
  19  1:15  Probe  
  20  1:25  Cybernetics Core  
  20  1:33  Nexus  
  20  1:39  Pylon  
  20  1:42  Probe  
  21  1:49  Assimilator  
  21  1:54  Probe  
  21  1:59  Adept (Chrono Boost)  
  22  2:07  Probe  
  25  2:15  Stargate  
  25  2:21  Adept  
  25  2:22  Probe  
  28  2:28  Warp Gate  
  28  2:34  Probe (Chrono Boost)  
  29  2:45  Probe (Chrono Boost)  
  29  2:46  Probe (Chrono Boost)  
  31  2:54  Probe (Chrono Boost)  
  31  2:55  Probe (Chrono Boost)  
  35  2:59  Probe (Chrono Boost), Phoenix  
  35  3:00  Probe  
  36  3:07  Shield Battery  
  36  3:11  Probe  
  36  3:12  Probe  
  38  3:23  Probe  
  38  3:24  Probe, Phoenix  
  42  3:29  Robotics Facility  
  42  3:33  Pylon  
  42  3:36  Probe (Chrono Boost)  
  42  3:40  Assimilator  
  42  3:41  Assimilator, Probe (Chrono Boost)  
  44  3:47  Probe (Chrono Boost)  
  45  3:51  Phoenix (Chrono Boost), Probe x2 (Chrono Boost)  
  49  3:58  Pylon  
  49  4:00  Probe  
  49  4:02  Probe  
  51  4:11  Phoenix (Chrono Boost)  
  51  4:14  Probe  
  51  4:16  Observer, Probe  
  56  4:21  Pylon  
  56  4:24  Adept  
  53  4:33  Phoenix  
  53  4:35  Probe x2  
  54  4:47  Probe x2 (Chrono Boost)  
  54  4:51  Robotics Bay  
  56  4:59  Observer, Probe x2 (Chrono Boost)  
  59  5:05  Phoenix  
  59  5:06  Probe x2 (Chrono Boost)  
  63  5:13  Probe x2  
  61  5:25  Probe x2  
  55  5:29  Nexus  
  55  5:30  Phoenix  
  55  5:35  Colossus (Chrono Boost)  
  57  5:41  Probe x2  
  65  5:47  Extended Thermal Lance  
  64  5:53  Probe x2  
  64  5:55  Phoenix  
  68  6:03  Shield Battery  
  68  6:04  Pylon  
  68  6:06  Gateway  
  68  6:11  Sentry, Shield Battery  
  70  6:20  Colossus (Chrono Boost)  
  70  6:22  Probe x2  
  78  6:27  Pylon  
  78  6:36  Gateway  
  78  6:40  Twilight Council  
  78  6:41  Probe x2  
  78  6:43  Sentry, Forge  
  83  6:47  Probe  
  83  6:53  Shield Battery, Probe x2  
  85  6:56  Phoenix  
  85  6:59  Probe  
  88  7:04  Gateway  
  88  7:05  Gateway  
  88  7:09  Colossus (Chrono Boost)  
  88  7:14  Probe  
  88  7:15  Probe  
  96  7:17  Probe  
  96  7:18  Photon Cannon  
  97  7:22  Pylon  
  97  7:24  Zealot x2  
  101  7:32  Probe x2  
  101  7:35  Probe  
  100  7:37  Phoenix  
  89  7:45  Zealot x3  
  79  8:01  Immortal (Chrono Boost)  
  79  8:02  Phoenix  
  75  8:06  Zealot x3  
  81  8:16  Protoss Ground Weapons Level 1, Charge (Chrono Boost)  
  79  8:27  Phoenix (Chrono Boost)  
  79  8:29  Nexus, Templar Archives  
  82  8:34  Probe x2  
  81  8:44  Phoenix (Chrono Boost)  
  83  8:49  Warp Prism (Chrono Boost)  
  83  8:54  Observer  
  85  8:58  Shield Battery, Pylon  
  85  9:09  Gateway x2  
  85  9:11  Pylon  
  85  9:15  Colossus (Chrono Boost)  
  85  9:16  Phoenix  
  93  9:33  Zealot x4  
  101  9:41  Phoenix, Pylon  
  101  9:42  Pylon  
  103  9:48  Psionic Storm  
  103  9:52  Assimilator  
  101  9:53  Assimilator  
  95  10:01  High Templar x2, Zealot x3  
  105  10:07  Shield Battery  
  105  10:11  High Templar  
  105  10:12  Zealot  
  101  10:36  Stalker  
  101  10:37  Stalker x4  
  107  10:43  Stalker  
  107  10:44  Archon  
  107  10:47  Immortal (Chrono Boost)  
  107  10:48  Zealot  
  113  10:51  Probe x3  
  105  11:00  Zealot x2  
  105  11:01  Zealot x2  
  96  11:05  Zealot x2  
  92  11:16  Colossus (Chrono Boost)  
  82  11:21  Probe x2  
  82  11:22  Probe  
  82  11:25  Protoss Ground Armor Level 1  
  89  11:26  High Templar  
  89  11:27  Zealot x2  
  95  11:33  Probe  
  95  11:34  Probe x2  
  98  11:41  High Templar, Zealot  
  98  11:42  Zealot  
  104  11:47  Probe  
  104  11:48  Probe x2  
  104  11:50  Shield Battery  
  107  12:00  Colossus (Chrono Boost)  
  107  12:04  Stalker x2  
  111  12:13  High Templar, Zealot  
  111  12:14  Zealot x2  
  117  12:18  High Templar  
  100  12:32  Zealot x2  
  94  12:38  Archon, Stalker x2  
  94  12:39  Stalker  
  94  12:41  Probe x2  
  94  12:42  Probe  
  103  12:51  Warp Prism (Chrono Boost)  
  105  12:52  High Templar  
  106  13:00  Photon Cannon  
  106  13:03  High Templar, Zealot  
  104  13:13  Stalker  
  104  13:16  Observer (Chrono Boost), Zealot x2  
  104  13:17  Zealot  
  86  13:35  Stalker x3  
Tags
 
Add a new tag
Caveats
  • Supply blocks, unpowered buildings, or Contaminate may cause inaccurate times.
  • Supply counts are checked every 10 seconds.